 Dungeon Crawl Stone Soup version 0.29.0-4-gdea44cf6ec (webtiles) character file.

Game seed: 9418815112136970691

21 qw the Chopper (level 2, 0/17 HPs)
             Began as a Tengu Warper on Aug 28, 2022.
             Succumbed to their own poison gas
             ... on level 1 of the Dungeon.
             The game lasted 00:00:04 (972 turns).

qw the Chopper (Tengu Warper)                        Turns: 972, Time: 00:00:04

Health: 0/17       AC:  8    Str: 11    XL:     2   Next: 83%
Magic:  6/6        EV:  5    Int: 13    God:
Gold:   53         SH:  0    Dex: 13    Spells: 5/5 levels left

rFire   . . .      SeeInvis .   Y - +0 hand axe
rCold   . . .      Faith    .   (no shield)
rNeg    . . .      Spirit   .   e - +0 chain mail
rPois   .          Reflect  .   (helmet restricted)
rElec   .          Harm     .   (no cloak)
rCorr   .          Rampage  .   (no gloves)
Will    .....                   (boots unavailable)
Stlth   ..........              (no amulet)
HPRegen 0.05/turn               (no ring)
MPRegen 0.10/turn               (no ring)

@: lethally poisoned (0 -> -12)
A: beak, talons 3
a: no special abilities


You were on level 1 of the Dungeon.
You visited 1 branch of the dungeon, and saw 1 of its levels.

You collected 53 gold pieces.


Innate Abilities, Weirdness & Mutations

You have a beak for a mouth.
You have claws for feet.


   Skills:
 - Level 2.0 Fighting
 + Level 3.6 Axes
 - Level 1.0 Throwing
 - Level 1.1 Armour
 - Level 2.1 Dodging
 - Level 2.0 Spellcasting
 - Level 2.4 Translocations


You had 5 spell levels left.
You didn't know any spells.
Your spell library contained the following spells:

 Spells                   Type           Power      Damage    Failure   Level
 Blink                    Tloc           14%        N/A       100%        2
 Gell's Gravitas          Tloc           7%         N/A       100%        3
 Lesser Beckoning         Tloc           7%         N/A       100%        3
 Teleport Other           Tloc           7%         N/A       100%        3
 Manifold Assault         Tloc           7%         N/A       100%        5

Inventory:

Hand Weapons
 f - a +0 club
 Y - a +0 hand axe (weapon)
Armour
 e - a +0 chain mail (worn)

Dungeon Overview and Level Annotations

Branches:
Dungeon (1/15)

Altars:


Message History

946 ||| UPGRADING to +0 ring mail.
You start removing your armour.
You continue taking off your +0 leather armour. x4
You finish taking off your +0 leather armour.
You start putting on your armour.
You continue putting on your +0 ring mail. x5
You finish putting on your +0 ring mail.
956 ||| DROPPING +0 leather armour.
You drop a +0 leather armour.
957 ||| UPGRADING to +0 chain mail.
You start removing your armour.
You continue taking off your +0 ring mail. x4
You finish taking off your +0 ring mail.
You start putting on your armour.
You continue putting on your +0 chain mail. x5
You finish putting on your +0 chain mail.
967 ||| DROPPING +0 ring mail.
You drop a +0 ring mail.
Done exploring.
968 ||| READING scroll labelled EWEDAXOANT.
The air fills with toxic fumes!
As you read the scroll labelled EWEDAXOANT, it crumbles to dust.
It was a scroll of poison.
Done exploring.
969 ||| DROPPING scroll of blinking.
You drop a scroll of blinking.
Done exploring.
(D) Dungeon
Where to? (* - list waypoints, ? - help)
What level of the Dungeon? (default 1, ? - help) Sorry, I don't know how to get there.
Done exploring.
970 ||| Stepping randomly (stuck).
Really walk into that cloud of poison gas?
You are engulfed in poison gas.
You are lethally poisoned!
You feel very sick.
971 ||| Stepping ~*~*~tactically~*~*~ (cloud).
You feel very sick.
Things that are here:
a scroll of blinking; a +0 ring mail; a +0 leather armour
There is a lethal amount of poison in your body!
You die...

......# #.###...### #.#####.###
.#..>.###.##..#...## #.# #....
.>....#..###.##....## #.# #.###
#.#####.##¤..#####..###.# #.# #.#
###.¤¤.# #....##### #.### #.#
#..##¤## ##.#.###.# #.... #.###
#.###¤¤## ##......# #.###
....####....#¤¤#####.##..# #..#
#.....##...####¤@# ##.#..# ##.#
#.....###..# ##¤# #....# #.#
#......#..######## ###.#.#####.##
#.....##<##...######.#####.......
#.....####........##..# #........
###%### ########....## ##.###.##
#.# #####.###.## #.# #%# ##.#..#
#.# #.# ##.#.# #.#


There were no monsters in sight!

Vanquished Creatures
  4 ball pythons (D:1)
  An endoplasm (D:1)
  3 goblins (D:1)
  2 quokkas (D:1)
  5 bats (D:1)
  2 frilled lizards (D:1)
  2 kobolds (D:1)
19 creatures vanquished.

Notes
Turn   | Place    | Note
-------+----------+-------------------------------------------
     0 | D:1      | qw the Tengu Warper began the quest for the Orb.
     0 | D:1      | Reached XP level 1. HP: 12/12 MP: 4/4
     0 | D:1      | 0 ||| qw: Version: 0.1-a-89-g26bdef1
     0 | D:1      | 0 ||| qw: Game counter: 1943
     0 | D:1      | 0 ||| qw: Always use a shield: true
     0 | D:1      | 0 ||| qw: God list: Okawaru
     0 | D:1      | 0 ||| qw: Allow faded altars: false
     0 | D:1      | 0 ||| qw: Do Orc after D:15 true
     0 | D:1      | 0 ||| qw: Do second Lair branch before Depths: true
     0 | D:1      | 0 ||| qw: Lair rune preference: random
     0 | D:1      | 0 ||| qw: Plans: Normal
     0 | D:1      | 0 ||| PLANNING D:1-11
   206 | D:1      | Reached XP level 2. HP: 17/17 MP: 6/6
   270 | D:1      | Reached skill level 3 in Axes
   427 | D:1      | 427 ||| Stepping ~*~*~tactically~*~*~ (stealth).
   946 | D:1      | 946 ||| UPGRADING to +0 ring mail.
   956 | D:1      | 956 ||| DROPPING +0 leather armour.
   957 | D:1      | 957 ||| UPGRADING to +0 chain mail.
   967 | D:1      | 967 ||| DROPPING +0 ring mail.
   968 | D:1      | 968 ||| READING scroll labelled EWEDAXOANT.
   969 | D:1      | 969 ||| DROPPING scroll of blinking.
   970 | D:1      | 970 ||| Stepping randomly (stuck).
   971 | D:1      | 971 ||| Stepping ~*~*~tactically~*~*~ (cloud).
   971 | D:1      | HP: 2/17 [poisoned by you (poison gas)]
   972 | D:1      | Succumbed to their own poison gas

Levels and vault maps discovered:
D:1:      lemuel_arrival_tunnels, layout_loops_ring

Skill      XL: |  1  2 |
---------------+-------+-----
Axes           | 3 |  3.6
Fighting       | |  2.0
Throwing       | |  1.0
Armour         | |  1.1
Dodging        | |  2.1
Spellcasting   | |  2.0
Translocations | |  2.4

Action                   || total
-------------------------++-------
Melee: Hand axe          ||    39
       Peck              ||     5
       Kick              ||     6
       Punch             ||     1
Throw: Boomerang         ||     7
  Use: Scroll            ||     1
Armor: Leather armour    ||    15
Dodge: Dodged            ||    19

Table legend:
 A = Non-vault XP
 B = Vault XP
 C = Vault XP percentage of total XP
 D = Non-vault monster count
 E = Vault monster count
 F = Vault count percentage of total count
                 A         B        C        D         E       F
            +---------+---------+-------+---------+---------+-------
      Total |      30 |       0 |   0.0 |      19 |       0 |   0.0
            +---------+---------+-------+---------+---------+-------
        D:1 |      30 |       0 |   0.0 |      19 |       0 |   0.0
            +---------+---------+-------+---------+---------+-------
